Lightning vs Canadiens

Created - March 6, 2015 at 18:25

Goals
1 2 3 T
Lightning 2 0 0 2
Canadiens 0 1 0 1
Shots
1 2 3 T
Lightning 8 8 10 26
Canadiens 4 6 7 17

1st period

1. Lightning , Henrik Sedin 16 (Patrick Kane, Brent Seabrook) at 0:47
2. Lightning , Nick Spaling 6 (Andre Benoit, Erik Gudbranson) at 2:26

Penalties :
Troy Brouwer (TBL) for Roughing (Minor) at 7:46, Dylan Olsen (MTL) for Slashing (Minor) at 11:17, Cam Atkinson (TBL) for Roughing (Minor) at 19:00

2nd period

3. Canadiens , Radim Vrbata 16 (Matt Read) at 1:47

Penalties :
Jason Demers (MTL) for Fighting (Major) at 7:29, Andrej Sekera (TBL) for Fighting (Major) at 7:29, Jason Demers (MTL) for instigated a fight (Game Misconduct) at 7:29, Jaroslav Halak (TBL) for Delaying the game (Minor) at 12:09 - Brent Seabrook served the penalty.

3rd period

No Goal

Penalties :
Brent Seabrook (TBL) for Hooking (Minor) at 5:23, Mike Weber (MTL) for Hooking (Minor) at 9:32, Erik Gudbranson (TBL) for Hooking (Minor) at 14:03

Goalie Stats

Jaroslav Halak (TBL), 16 saves from 17 shots - (0.941), W, 28-20-0, 60:00 minutes
Jonathan Bernier (MTL), 24 saves from 26 shots - (0.923), L, 18-23-4, 59:05 minutes

Players Stats for Lightning

Player Name              G  A  P  +/- PIM S  H  SB GA TA FO     MP     PP MP  PK MP  
------------------------------------------------------------------------------------
Andre Benoit             0  1  1   1  0   0  0  0  0  0  0/0    21:39   0:00   5:29 
Andrej Meszaros          0  0  0   0  0   0  0  0  0  0  0/0    16:05   2:16   1:46 
Andrej Sekera            0  0  0   0  5   5  1  2  0  0  0/0    22:48   2:26   4:50 
Brent Seabrook           0  1  1   0  2   1  5  2  0  0  0/0    23:26   3:41   2:31 
Cam Atkinson             0  0  0   0  2   0  0  0  0  0  0/1    11:45   0:00   1:44 
Curtis Glencross         0  0  0   0  0   1  4  0  0  0  1/1    21:08   3:22   0:00 
Eric Fehr                0  0  0   0  0   0  0  0  0  0  0/0     4:36   0:00   0:00 
Erik Gudbranson          0  1  1   1  2   2  1  2  0  0  0/0    14:28   2:16   0:09 
Henrik Sedin             1  0  1   0  0   3  1  0  0  0  15/23  21:32   3:22   0:24 
Jason Chimera            0  0  0   0  0   0  0  0  0  0  1/1     4:36   0:00   0:00 
Luca Sbisa               0  0  0   0  0   0  1  0  0  0  0/0     5:21   1:15   0:00 
Maxime Talbot            0  0  0   0  0   0  4  0  0  0  5/12   16:34   0:00   6:06 
Nick Spaling             1  0  1   1  0   4  1  1  0  0  3/4    21:31   2:35   3:06 
Patrick Kane             0  1  1   0  0   3  0  1  0  0  1/1    21:08   3:22   0:00 
Scott Hannan             0  0  0   0  0   1  0  0  0  0  0/0    16:10   0:00   5:05 
Teddy Purcell            0  0  0   0  0   1  0  0  0  0  1/2    10:06   0:00   0:00 
Travis Zajac             0  0  0   1  0   3  0  0  0  0  11/28  20:39   2:35   6:20 
Troy Brouwer             0  0  0   1  2   2  4  0  0  0  0/2    16:28   2:35   2:10 

Players Stats for Canadiens

Player Name              G  A  P  +/- PIM S  H  SB GA TA FO     MP     PP MP  PK MP  
------------------------------------------------------------------------------------
Alexander Killorn        0  0  0   1  0   1  0  0  0  0  10/20  17:31   4:24   0:00 
Alexander Steen          0  0  0  -1  0   2  2  0  0  0  1/1    24:01   5:31   2:46 
Brenden Morrow           0  0  0  -1  0   0  0  0  0  0  0/0     6:19   0:00   0:00 
Dan Girardi              0  0  0   1  0   0  5  4  0  0  0/0    25:40   4:55   4:06 
Dylan Olsen              0  0  0  -1  2   1  4  2  0  0  0/0    23:10   4:56   2:10 
Jason Demers             0  0  0  -1  17  0  0  0  0  0  0/0     9:43   1:52   0:20 
Jason Garrison           0  0  0   1  0   1  0  3  0  0  0/0    25:05   5:11   2:01 
Jordan Eberle            0  0  0  -1  0   4  0  1  0  0  2/3    23:51   5:31   2:36 
Manny Malhotra           0  0  0  -1  0   0  0  0  0  0  1/3     6:19   0:00   0:00 
Martin Erat              0  0  0   0  0   1  0  0  0  0  0/2     8:58   0:00   0:00 
Matt Read                0  1  1   1  0   1  1  0  0  0  0/0    20:42   4:24   3:11 
Mike Weber               0  0  0  -1  2   1  3  0  0  0  0/0    19:20   2:41   1:31 
Paul Stastny             0  0  0  -1  0   1  0  1  0  0  16/34  24:36   5:31   3:21 
Radim Vrbata             1  0  1   1  0   3  1  0  0  0  1/1    17:31   4:24   0:00 
Saku Koivu               0  0  0   0  0   1  2  0  0  0  6/9     8:58   0:00   0:00 
Steve Oleksy             0  0  0  -1  0   0  0  0  0  0  0/0    16:59   0:15   1:46 
Sven Baertschi           0  0  0   0  0   0  0  0  0  0  0/1     8:58   0:00   0:00 
Tyler Kennedy            0  0  0  -1  0   0  0  0  0  0  0/1     6:19   0:00   0:00 

3 Stars

1 - Nick Spaling (TBL)
2 - Radim Vrbata (MTL)
3 - Jaroslav Halak (TBL)

Power Play

Lightning - 0 on 3 Attempt(s) - 0.00%
Canadiens - 0 on 5 Attempt(s) - 0.00%

Penalty Kill

Lightning - 5 on 5 Attempt(s) - 100.00% - Score 0 goal in Penalty Kill
Canadiens - 3 on 3 Attempt(s) - 100.00% - Score 0 goal in Penalty Kill

Team Stat

Lightning - Hits : 22 - Faceoff Wins : 38 - Blocked Shots : 8 - Penalty Minutes : 13
Canadiens - Hits : 18 - Faceoff Wins : 37 - Blocked Shots : 11 - Penalty Minutes : 21

Official

Referees : Greg Kimmerly and Brad Meier
Linesman : Kiel Murchison and Steve Barton

Game Notes

Andrej Sekera beats up Jason Demers at 7:29 of 2nd period
Jason Demers ejected from game at 7:29 of 2nd period

Finance

Level 1 -- Attendance: 4749 (73.06%) -- Ticket Income $522,390
Level 2 -- Attendance: 4798 (95.96%) -- Ticket Income $359,850
Level 3 -- Attendance: 3358 (95.94%) -- Ticket Income $184,690
Level 4 -- Attendance: 3168 (60.08%) -- Ticket Income $79,200
Luxury Box -- Attendance: 1000 (100.00%) -- Ticket Income $199,000
Game was played at the Bell Centre'
Total Attendance: 17073 (80.26%)
Total Ticket Income: $1,345,130
Other Income: $201,770
Total Income: $1,546,900

% Time on Ice - Lightning

Lines # - Real PCT - Wanted PCT - Time Play
Normal Forward
1 - 41% - 40% - 17:46
2 - 27% - 30% - 11:44
3 - 23% - 20% - 10:02
4 - 9% - 10% - 4:06
Normal Defense
1 - 40% - 40% - 17:15
2 - 27% - 30% - 11:34
3 - 25% - 20% - 10:43
4 - 9% - 10% - 4:06
PP Forward
1 - 57% - 60% - 3:22
2 - 43% - 40% - 2:35
PP Defense
1 - 62% - 60% - 3:41
2 - 38% - 40% - 2:16
PK Forward
1 - 69% - 60% - 6:49
2 - 31% - 40% - 3:06
PK Defense
1 - 54% - 60% - 5:24
2 - 46% - 40% - 4:31
PK3 Forward
1 - 0% - 60%
2 - 0% - 40%
PK3 Defense
1 - 0% - 60%
2 - 0% - 40%
44 Forward
1 - 0% - 60%
2 - 0% - 40%
44 Defense
1 - 0% - 60%
2 - 0% - 40%
Last Minute Offensive  - 0:00
Last Minute Defensive  - 0:30
Total
Forward - 60:00
Defense - 60:00

% Time on Ice - Canadiens

Lines # - Real PCT - Wanted PCT - Time Play
Normal Forward
1 - 35% - 35% - 15:09
2 - 30% - 30% - 13:07
3 - 21% - 20% - 8:58
4 - 15% - 15% - 6:19
Normal Defense
1 - 39% - 32% - 16:57
2 - 31% - 23% - 13:30
3 - 16% - 23% - 7:11
4 - 14% - 22% - 5:55
PP Forward
1 - 56% - 60% - 5:31
2 - 44% - 40% - 4:24
PP Defense
1 - 69% - 50% - 6:51
2 - 31% - 50% - 3:04
PK Forward
1 - 56% - 60% - 3:21
2 - 44% - 40% - 2:36
PK Defense
1 - 67% - 60% - 3:58
2 - 33% - 40% - 1:59
PK3 Forward
1 - 0% - 60%
2 - 0% - 40%
PK3 Defense
1 - 0% - 60%
2 - 0% - 40%
44 Forward
1 - 0% - 50%
2 - 0% - 50%
44 Defense
1 - 0% - 50%
2 - 0% - 50%
Last Minute Offensive  - 0:35
Last Minute Defensive  - 0:00
Total
Forward - 60:00
Defense - 60:00

Play by Play

1st period


0:01 of 1st period - Henrik Sedin wins face-off versus Paul Stastny in neutral zone.
0:39 of 1st period - Shot by Patrick Kane.
0:39 of 1st period - Shot Misses the Net.
0:47 of 1st period - Shot by Henrik Sedin.
0:47 of 1st period - Goal by Henrik Sedin - Lightning : 1 - Canadiens : 0.
0:48 of 1st period - Alexander Killorn wins face-off versus Travis Zajac in neutral zone.
0:55 of 1st period - Shot by Alexander Killorn.
0:55 of 1st period - Shot Blocked by Erik Gudbranson.
1:00 of 1st period - Travis Zajac is hit by Mike Weber.
1:10 of 1st period - Shot by Troy Brouwer.
1:10 of 1st period - Stopped by Jonathan Bernier without a rebound.
1:11 of 1st period - Saku Koivu wins face-off versus Maxime Talbot in Canadiens zone.
1:32 of 1st period - Jason Garrison is hit by Maxime Talbot and loses puck.
2:26 of 1st period - Shot by Nick Spaling.
2:26 of 1st period - Goal by Nick Spaling - Lightning : 2 - Canadiens : 0.
2:27 of 1st period - Alexander Killorn wins face-off versus Henrik Sedin in neutral zone.
2:41 of 1st period - Patrick Kane is hit by Dylan Olsen and loses puck.
3:14 of 1st period - Curtis Glencross is hit by Radim Vrbata and loses puck.
3:29 of 1st period - Shot by Jordan Eberle.
3:29 of 1st period - Stopped by Jaroslav Halak with a rebound.
4:26 of 1st period - Icing by Dan Girardi.
4:27 of 1st period - Manny Malhotra wins face-off versus Teddy Purcell in Canadiens zone.
6:25 of 1st period - Patrick Kane is hit by Alexander Steen and loses puck.
6:38 of 1st period - Shot by Steve Oleksy.
6:38 of 1st period - Shot Blocked by Brent Seabrook.
6:40 of 1st period - Shot by Mike Weber.
6:40 of 1st period - Shot Blocked by Patrick Kane.
6:42 of 1st period - Shot by Paul Stastny.
6:42 of 1st period - Shot Blocked by Andrej Sekera.
6:50 of 1st period - Shot by Paul Stastny.
6:50 of 1st period - Stopped by Jaroslav Halak with a rebound.
6:52 of 1st period - Shot by Paul Stastny.
6:52 of 1st period - Shot Misses the Net.
6:54 of 1st period - Shot by Mike Weber.
6:54 of 1st period - Stopped by Jaroslav Halak without a rebound.
6:55 of 1st period - Maxime Talbot wins face-off versus Saku Koivu in Lightning zone.
7:25 of 1st period - Shot by Teddy Purcell.
7:25 of 1st period - Stopped by Jonathan Bernier without a rebound.
7:26 of 1st period - Travis Zajac wins face-off versus Alexander Killorn in Canadiens zone.
7:27 of 1st period - Shot by Andre Benoit.
7:27 of 1st period - Shot Blocked by Dylan Olsen.
7:30 of 1st period - Icing by Dylan Olsen.
7:31 of 1st period - Alexander Killorn wins face-off versus Travis Zajac in Canadiens zone.
7:37 of 1st period - Off-side.
7:38 of 1st period - Travis Zajac wins face-off versus Jordan Eberle in neutral zone.
7:46 of 1st period - Minor Penalty to Troy Brouwer for Roughing.
7:47 of 1st period - Jordan Eberle wins face-off versus Travis Zajac in Lightning zone.
8:09 of 1st period - Shot by Dylan Olsen.
8:09 of 1st period - Shot Misses the Net.
8:53 of 1st period - Shot by Jason Garrison.
8:53 of 1st period - Shot Misses the Net.
9:12 of 1st period - Shot by Jason Garrison.
9:12 of 1st period - Stopped by Jaroslav Halak without a rebound.
9:13 of 1st period - Travis Zajac wins face-off versus Paul Stastny in Lightning zone.
9:40 of 1st period - Shot by Jordan Eberle.
9:40 of 1st period - Shot Blocked by Nick Spaling.
9:42 of 1st period - Shot by Jordan Eberle.
9:42 of 1st period - Shot Misses the Net.
9:56 of 1st period - Steve Oleksy is hit by Curtis Glencross and loses puck.
10:05 of 1st period - Steve Oleksy is hit by Curtis Glencross and loses puck.
10:50 of 1st period - Off-side.
10:51 of 1st period - Saku Koivu wins face-off versus Travis Zajac in neutral zone.
11:17 of 1st period - Minor Penalty to Dylan Olsen for Slashing.
11:18 of 1st period - Paul Stastny wins face-off versus Travis Zajac in Canadiens zone.
12:27 of 1st period - Patrick Kane is hit by Mike Weber and loses puck.
13:17 of 1st period - Icing by Troy Brouwer.
13:18 of 1st period - Saku Koivu wins face-off versus Maxime Talbot in Lightning zone.
13:18 of 1st period - Saku Koivu is hit by Luca Sbisa.
13:36 of 1st period - Dylan Olsen is hit by Maxime Talbot and loses puck.
13:42 of 1st period - Sven Baertschi is hit by Maxime Talbot and loses puck.
13:57 of 1st period - Shot by Cam Atkinson.
13:57 of 1st period - Shot Misses the Net.
14:18 of 1st period - Icing by Travis Zajac.
14:19 of 1st period - Travis Zajac wins face-off versus Paul Stastny in Lightning zone.
14:27 of 1st period - Troy Brouwer is hit by Dan Girardi and loses puck.
14:55 of 1st period - Shot by Travis Zajac.
14:55 of 1st period - Deflect By Troy Brouwer.
14:55 of 1st period - Stopped by Jonathan Bernier with a rebound.
15:15 of 1st period - Shot by Patrick Kane.
15:15 of 1st period - Shot Misses the Net.
15:17 of 1st period - Shot by Andre Benoit.
15:17 of 1st period - Shot Misses the Net.
15:19 of 1st period - Shot by Patrick Kane.
15:19 of 1st period - Shot Blocked by Jordan Eberle.
15:21 of 1st period - Shot by Andre Benoit.
15:21 of 1st period - Shot Blocked by Dan Girardi.
15:23 of 1st period - Shot by Henrik Sedin.
15:23 of 1st period - Shot Misses the Net.
15:25 of 1st period - Shot by Patrick Kane.
15:25 of 1st period - Stopped by Jonathan Bernier without a rebound.
15:26 of 1st period - Maxime Talbot wins face-off versus Alexander Killorn in Canadiens zone.
15:41 of 1st period - Shot by Maxime Talbot.
15:41 of 1st period - Shot Misses the Net.
16:01 of 1st period - Icing by Alexander Killorn.
16:02 of 1st period - Henrik Sedin wins face-off versus Alexander Killorn in Canadiens zone.
16:03 of 1st period - Shot by Patrick Kane.
16:03 of 1st period - Stopped by Jonathan Bernier with a rebound.
16:07 of 1st period - Shot by Henrik Sedin.
16:07 of 1st period - Shot Misses the Net.
16:35 of 1st period - Shot by Henrik Sedin.
16:35 of 1st period - Stopped by Jonathan Bernier without a rebound.
16:36 of 1st period - Paul Stastny wins face-off versus Travis Zajac in Canadiens zone.
18:51 of 1st period - Shot by Radim Vrbata.
18:51 of 1st period - Shot Misses the Net.
19:00 of 1st period - Minor Penalty to Cam Atkinson for Roughing.
19:01 of 1st period - Paul Stastny wins face-off versus Travis Zajac in Lightning zone.
Goals for this period are 2 for Lightning vs 0 for Canadiens.
Shots for this period are 8 for Lightning vs 4 for Canadiens.

2nd period


0:01 of 2nd period - Travis Zajac wins face-off versus Paul Stastny in neutral zone.
1:17 of 2nd period - Shot by Brenden Morrow.
1:17 of 2nd period - Shot Blocked by Andrej Sekera.
1:34 of 2nd period - Icing by Brent Seabrook.
1:35 of 2nd period - Henrik Sedin wins face-off versus Alexander Killorn in Lightning zone.
1:35 of 2nd period - Henrik Sedin is hit by Matt Read.
1:47 of 2nd period - Shot by Radim Vrbata.
1:47 of 2nd period - Goal by Radim Vrbata - Lightning : 2 - Canadiens : 1.
1:48 of 2nd period - Paul Stastny wins face-off versus Nick Spaling in neutral zone.
3:48 of 2nd period - Brent Seabrook is hit by Saku Koivu and loses puck.
4:05 of 2nd period - Shot by Saku Koivu.
4:05 of 2nd period - Stopped by Jaroslav Halak with a rebound.
4:08 of 2nd period - Saku Koivu is hit by Brent Seabrook and loses puck.
4:21 of 2nd period - Icing by Brent Seabrook.
4:22 of 2nd period - Henrik Sedin wins face-off versus Paul Stastny in Lightning zone.
4:32 of 2nd period - Jordan Eberle is hit by Brent Seabrook and loses puck.
4:47 of 2nd period - Shot by Dylan Olsen.
4:47 of 2nd period - Shot Misses the Net.
4:51 of 2nd period - Shot by Jordan Eberle.
4:51 of 2nd period - Deflect By Paul Stastny.
4:51 of 2nd period - Shot Misses the Net.
4:53 of 2nd period - Shot by Alexander Steen.
4:53 of 2nd period - Stopped by Jaroslav Halak without a rebound.
4:54 of 2nd period - Alexander Killorn wins face-off versus Travis Zajac in Lightning zone.
4:54 of 2nd period - Dan Girardi is hit by Erik Gudbranson and loses puck.
5:02 of 2nd period - Off-side.
5:03 of 2nd period - Travis Zajac wins face-off versus Alexander Killorn in neutral zone.
5:08 of 2nd period - Shot by Travis Zajac.
5:08 of 2nd period - Shot Blocked by Jason Garrison.
5:10 of 2nd period - Shot by Erik Gudbranson.
5:10 of 2nd period - Deflect By Travis Zajac.
5:10 of 2nd period - Shot Misses the Net.
5:12 of 2nd period - Shot by Travis Zajac.
5:12 of 2nd period - Deflect By Nick Spaling.
5:12 of 2nd period - Shot Misses the Net.
5:46 of 2nd period - Shot by Travis Zajac.
5:46 of 2nd period - Stopped by Jonathan Bernier without a rebound.
5:47 of 2nd period - Paul Stastny wins face-off versus Maxime Talbot in Canadiens zone.
5:53 of 2nd period - Icing by Paul Stastny.
5:54 of 2nd period - Henrik Sedin wins face-off versus Paul Stastny in Canadiens zone.
5:54 of 2nd period - Henrik Sedin is hit by Dylan Olsen.
6:01 of 2nd period - Patrick Kane is hit by Dylan Olsen and loses puck.
6:05 of 2nd period - Icing by Paul Stastny.
6:06 of 2nd period - Maxime Talbot wins face-off versus Paul Stastny in Canadiens zone.
6:06 of 2nd period - Andrej Meszaros is hit by Dylan Olsen and loses puck.
6:12 of 2nd period - Icing by Jason Demers.
6:13 of 2nd period - Henrik Sedin wins face-off versus Paul Stastny in Canadiens zone.
6:24 of 2nd period - Shot by Andrej Sekera.
6:24 of 2nd period - Stopped by Jonathan Bernier without a rebound.
6:25 of 2nd period - Travis Zajac wins face-off versus Alexander Killorn in Canadiens zone.
7:23 of 2nd period - Shot by Curtis Glencross.
7:23 of 2nd period - Stopped by Jonathan Bernier without a rebound.
7:24 of 2nd period - Paul Stastny wins face-off versus Henrik Sedin in Canadiens zone.
7:24 of 2nd period - Paul Stastny is hit by Curtis Glencross.
7:29 of 2nd period - Andrej Sekera beats up Jason Demers.
7:29 of 2nd period - Penalty to Jason Demers for Fighting.
7:29 of 2nd period - Penalty to Andrej Sekera for Fighting.
7:29 of 2nd period - Penalty to Jason Demers for instigated a fight.
7:29 of 2nd period - Jason Demers is ejected from game.
7:30 of 2nd period - Paul Stastny wins face-off versus Henrik Sedin in neutral zone.
7:59 of 2nd period - Shot by Paul Stastny.
7:59 of 2nd period - Shot Misses the Net.
8:06 of 2nd period - Icing by Brent Seabrook.
8:07 of 2nd period - Patrick Kane wins face-off versus Paul Stastny in Lightning zone.
8:16 of 2nd period - Icing by Henrik Sedin.
8:17 of 2nd period - Henrik Sedin wins face-off versus Paul Stastny in Lightning zone.
8:27 of 2nd period - Shot by Luca Sbisa.
8:27 of 2nd period - Shot Misses the Net.
8:31 of 2nd period - Shot by Patrick Kane.
8:31 of 2nd period - Stopped by Jonathan Bernier without a rebound.
8:32 of 2nd period - Travis Zajac wins face-off versus Paul Stastny in Canadiens zone.
9:15 of 2nd period - Shot by Erik Gudbranson.
9:15 of 2nd period - Stopped by Jonathan Bernier without a rebound.
9:16 of 2nd period - Henrik Sedin wins face-off versus Paul Stastny in Canadiens zone.
9:17 of 2nd period - Shot by Brent Seabrook.
9:17 of 2nd period - Stopped by Jonathan Bernier without a rebound.
9:18 of 2nd period - Henrik Sedin wins face-off versus Paul Stastny in Canadiens zone.
9:53 of 2nd period - Saku Koivu is hit by Brent Seabrook and loses puck.
10:20 of 2nd period - Icing by Andre Benoit.
10:21 of 2nd period - Paul Stastny wins face-off versus Henrik Sedin in Lightning zone.
10:59 of 2nd period - Shot by Curtis Glencross.
10:59 of 2nd period - Shot Blocked by Paul Stastny.
11:01 of 2nd period - Shot by Henrik Sedin.
11:01 of 2nd period - Shot Misses the Net.
11:05 of 2nd period - Shot by Curtis Glencross.
11:05 of 2nd period - Shot Blocked by Jason Garrison.
11:25 of 2nd period - Shot by Scott Hannan.
11:25 of 2nd period - Shot Misses the Net.
11:27 of 2nd period - Shot by Brent Seabrook.
11:27 of 2nd period - Shot Blocked by Dan Girardi.
11:29 of 2nd period - Shot by Nick Spaling.
11:29 of 2nd period - Shot Misses the Net.
11:31 of 2nd period - Shot by Scott Hannan.
11:31 of 2nd period - Stopped by Jonathan Bernier without a rebound.
11:32 of 2nd period - Alexander Killorn wins face-off versus Maxime Talbot in Canadiens zone.
12:09 of 2nd period - Shot by Alexander Killorn.
12:09 of 2nd period - Stopped by Jaroslav Halak without a rebound.
12:09 of 2nd period - Minor Penalty to Jaroslav Halak for Delaying the game.
12:10 of 2nd period - Travis Zajac wins face-off versus Alexander Killorn in Lightning zone.
12:44 of 2nd period - Dan Girardi is hit by Andrej Sekera and loses puck.
13:05 of 2nd period - Shot by Alexander Steen.
13:05 of 2nd period - Stopped by Jaroslav Halak without a rebound.
13:06 of 2nd period - Paul Stastny wins face-off versus Travis Zajac in Lightning zone.
14:19 of 2nd period - Shot by Henrik Sedin.
14:19 of 2nd period - Shot Misses the Net.
14:34 of 2nd period - Off-side.
14:35 of 2nd period - Nick Spaling wins face-off versus Saku Koivu in neutral zone.
14:35 of 2nd period - Nick Spaling is hit by Saku Koivu.
14:48 of 2nd period - Icing by Mike Weber.
14:49 of 2nd period - Henrik Sedin wins face-off versus Saku Koivu in Canadiens zone.
14:52 of 2nd period - Shot by Henrik Sedin.
14:52 of 2nd period - Shot Misses the Net.
14:54 of 2nd period - Shot by Erik Gudbranson.
14:54 of 2nd period - Stopped by Jonathan Bernier without a rebound.
14:55 of 2nd period - Henrik Sedin wins face-off versus Paul Stastny in Canadiens zone.
14:55 of 2nd period - Henrik Sedin is hit by Dan Girardi.
15:05 of 2nd period - Shot by Jordan Eberle.
15:05 of 2nd period - Stopped by Jaroslav Halak without a rebound.
15:06 of 2nd period - Travis Zajac wins face-off versus Alexander Killorn in Lightning zone.
16:25 of 2nd period - Shot by Jordan Eberle.
16:25 of 2nd period - Shot Misses the Net.
16:31 of 2nd period - Shot by Jordan Eberle.
16:31 of 2nd period - Shot Misses the Net.
16:55 of 2nd period - Shot by Maxime Talbot.
16:55 of 2nd period - Shot Misses the Net.
17:00 of 2nd period - Icing by Dan Girardi.
17:01 of 2nd period - Nick Spaling wins face-off versus Manny Malhotra in Canadiens zone.
17:22 of 2nd period - Tyler Kennedy is hit by Nick Spaling and loses puck.
18:27 of 2nd period - Shot by Alexander Steen.
18:27 of 2nd period - Shot Misses the Net.
18:47 of 2nd period - Maxime Talbot is hit by Alexander Steen.
19:06 of 2nd period - Icing by Alexander Steen.
19:07 of 2nd period - Alexander Steen wins face-off versus Travis Zajac in Canadiens zone.
19:37 of 2nd period - Steve Oleksy is hit by Troy Brouwer and loses puck.
Goals for this period are 0 for Lightning vs 1 for Canadiens.
Shots for this period are 8 for Lightning vs 6 for Canadiens.

3rd period


0:01 of 3rd period - Paul Stastny wins face-off versus Henrik Sedin in neutral zone.
0:10 of 3rd period - Shot by Jordan Eberle.
0:10 of 3rd period - Stopped by Jaroslav Halak without a rebound.
0:11 of 3rd period - Alexander Killorn wins face-off versus Travis Zajac in Lightning zone.
0:43 of 3rd period - Shot by Troy Brouwer.
0:43 of 3rd period - Shot Misses the Net.
2:02 of 3rd period - Icing by Andrej Meszaros.
2:03 of 3rd period - Saku Koivu wins face-off versus Maxime Talbot in Lightning zone.
2:07 of 3rd period - Icing by Scott Hannan.
2:08 of 3rd period - Saku Koivu wins face-off versus Cam Atkinson in Lightning zone.
2:09 of 3rd period - Shot by Martin Erat.
2:09 of 3rd period - Stopped by Jaroslav Halak without a rebound.
2:10 of 3rd period - Saku Koivu wins face-off versus Travis Zajac in Lightning zone.
2:23 of 3rd period - Shot by Nick Spaling.
2:23 of 3rd period - Stopped by Jonathan Bernier without a rebound.
2:24 of 3rd period - Henrik Sedin wins face-off versus Paul Stastny in Canadiens zone.
2:50 of 3rd period - Jordan Eberle is hit by Henrik Sedin and loses puck.
3:10 of 3rd period - Icing by Brent Seabrook.
3:11 of 3rd period - Radim Vrbata wins face-off versus Henrik Sedin in Lightning zone.
3:32 of 3rd period - Dan Girardi is hit by Troy Brouwer and loses puck.
3:53 of 3rd period - Shot by Troy Brouwer.
3:53 of 3rd period - Shot Misses the Net.
3:57 of 3rd period - Shot by Erik Gudbranson.
3:57 of 3rd period - Shot Blocked by Dan Girardi.
4:07 of 3rd period - Shot by Travis Zajac.
4:07 of 3rd period - Shot Misses the Net.
4:09 of 3rd period - Shot by Nick Spaling.
4:09 of 3rd period - Stopped by Jonathan Bernier without a rebound.
4:10 of 3rd period - Paul Stastny wins face-off versus Maxime Talbot in Canadiens zone.
4:21 of 3rd period - Shot by Paul Stastny.
4:21 of 3rd period - Shot Misses the Net.
4:23 of 3rd period - Shot by Alexander Steen.
4:23 of 3rd period - Shot Misses the Net.
5:03 of 3rd period - Martin Erat is hit by Curtis Glencross and loses puck.
5:17 of 3rd period - Martin Erat is hit by Brent Seabrook and loses puck.
5:23 of 3rd period - Minor Penalty to Brent Seabrook for Hooking.
5:24 of 3rd period - Travis Zajac wins face-off versus Alexander Killorn in Lightning zone.
5:35 of 3rd period - Shot by Travis Zajac.
5:35 of 3rd period - Stopped by Jonathan Bernier without a rebound.
5:36 of 3rd period - Paul Stastny wins face-off versus Travis Zajac in Canadiens zone.
5:36 of 3rd period - Paul Stastny is hit by Maxime Talbot.
6:53 of 3rd period - Shot by Radim Vrbata.
6:53 of 3rd period - Stopped by Jaroslav Halak with a rebound.
7:40 of 3rd period - Shot by Henrik Sedin.
7:40 of 3rd period - Shot Misses the Net.
8:14 of 3rd period - Shot by Nick Spaling.
8:14 of 3rd period - Stopped by Jonathan Bernier without a rebound.
8:15 of 3rd period - Nick Spaling wins face-off versus Paul Stastny in Canadiens zone.
9:09 of 3rd period - Icing by Steve Oleksy.
9:10 of 3rd period - Henrik Sedin wins face-off versus Alexander Killorn in Canadiens zone.
9:30 of 3rd period - Curtis Glencross is hit by Mike Weber and loses puck.
9:32 of 3rd period - Minor Penalty to Mike Weber for Hooking.
9:33 of 3rd period - Paul Stastny wins face-off versus Troy Brouwer in Canadiens zone.
9:44 of 3rd period - Shot by Brent Seabrook.
9:44 of 3rd period - Shot Misses the Net.
9:46 of 3rd period - Shot by Andrej Sekera.
9:46 of 3rd period - Stopped by Jonathan Bernier with a rebound.
9:48 of 3rd period - Shot by Brent Seabrook.
9:48 of 3rd period - Shot Misses the Net.
10:00 of 3rd period - Shot by Andrej Sekera.
10:00 of 3rd period - Deflect By Travis Zajac.
10:00 of 3rd period - Shot Misses the Net.
10:02 of 3rd period - Shot by Andrej Sekera.
10:02 of 3rd period - Shot Blocked by Dylan Olsen.
10:04 of 3rd period - Shot by Andrej Sekera.
10:04 of 3rd period - Stopped by Jonathan Bernier without a rebound.
10:05 of 3rd period - Henrik Sedin wins face-off versus Paul Stastny in Canadiens zone.
10:05 of 3rd period - Patrick Kane is hit by Dan Girardi and loses puck.
10:30 of 3rd period - Shot by Curtis Glencross.
10:30 of 3rd period - Shot Blocked by Jason Garrison.
10:32 of 3rd period - Shot by Erik Gudbranson.
10:32 of 3rd period - Shot Blocked by Dan Girardi.
10:49 of 3rd period - Curtis Glencross is hit by Dan Girardi and loses puck.
11:03 of 3rd period - Troy Brouwer is hit by Dan Girardi and loses puck.
11:16 of 3rd period - Shot by Travis Zajac.
11:16 of 3rd period - Stopped by Jonathan Bernier with a rebound.
11:18 of 3rd period - Shot by Andrej Sekera.
11:18 of 3rd period - Stopped by Jonathan Bernier without a rebound.
11:19 of 3rd period - Paul Stastny wins face-off versus Travis Zajac in Canadiens zone.
11:31 of 3rd period - Off-side.
11:32 of 3rd period - Maxime Talbot wins face-off versus Sven Baertschi in neutral zone.
12:08 of 3rd period - Off-side.
12:09 of 3rd period - Alexander Killorn wins face-off versus Henrik Sedin in neutral zone.
12:13 of 3rd period - Dylan Olsen is hit by Brent Seabrook and loses puck.
12:20 of 3rd period - Shot by Alexander Killorn.
12:20 of 3rd period - Shot Blocked by Brent Seabrook.
12:22 of 3rd period - Shot by Radim Vrbata.
12:22 of 3rd period - Stopped by Jaroslav Halak without a rebound.
12:23 of 3rd period - Jordan Eberle wins face-off versus Travis Zajac in Lightning zone.
12:46 of 3rd period - Shot by Scott Hannan.
12:46 of 3rd period - Shot Misses the Net.
13:21 of 3rd period - Icing by Brent Seabrook.
13:22 of 3rd period - Alexander Killorn wins face-off versus Henrik Sedin in Lightning zone.
13:41 of 3rd period - Icing by Patrick Kane.
13:42 of 3rd period - Henrik Sedin wins face-off versus Tyler Kennedy in Lightning zone.
13:51 of 3rd period - Shot by Andrej Sekera.
13:51 of 3rd period - Stopped by Jonathan Bernier without a rebound.
13:52 of 3rd period - Alexander Killorn wins face-off versus Troy Brouwer in Canadiens zone.
13:52 of 3rd period - Alexander Killorn is hit by Troy Brouwer.
13:57 of 3rd period - Dan Girardi is hit by Troy Brouwer and loses puck.
14:03 of 3rd period - Minor Penalty to Erik Gudbranson for Hooking.
14:04 of 3rd period - Paul Stastny wins face-off versus Travis Zajac in Lightning zone.
16:28 of 3rd period - Shot by Henrik Sedin.
16:28 of 3rd period - Stopped by Jonathan Bernier without a rebound.
16:29 of 3rd period - Jason Chimera wins face-off versus Martin Erat in Canadiens zone.
17:05 of 3rd period - Icing by Mike Weber.
17:06 of 3rd period - Curtis Glencross wins face-off versus Martin Erat in Canadiens zone.
18:17 of 3rd period - Shot by Matt Read.
18:17 of 3rd period - Stopped by Jaroslav Halak without a rebound.
18:18 of 3rd period - Alexander Killorn wins face-off versus Travis Zajac in Lightning zone.
18:39 of 3rd period - Shot by Dylan Olsen.
18:39 of 3rd period - Stopped by Jaroslav Halak without a rebound.
18:40 of 3rd period - Maxime Talbot wins face-off versus Manny Malhotra in Lightning zone.
19:05 of 3rd period - Canadiens, Jonathan Bernier is pulled from the net.
19:29 of 3rd period - Off-side.
19:30 of 3rd period - Paul Stastny wins face-off versus Maxime Talbot in neutral zone.
19:39 of 3rd period - Shot by Alexander Steen.
19:39 of 3rd period - Shot Misses the Net.
19:41 of 3rd period - Shot by Alexander Steen.
19:41 of 3rd period - Shot Misses the Net.
19:43 of 3rd period - Shot by Mike Weber.
19:43 of 3rd period - Shot Blocked by Erik Gudbranson.
19:51 of 3rd period - Shot by Paul Stastny.
19:51 of 3rd period - Shot Misses the Net.
19:55 of 3rd period - Shot by Jordan Eberle.
19:55 of 3rd period - Stopped by Jaroslav Halak without a rebound.
19:56 of 3rd period - Teddy Purcell wins face-off versus Paul Stastny in Lightning zone.
Goals for this period are 0 for Lightning vs 0 for Canadiens.
Shots for this period are 10 for Lightning vs 7 for Canadiens.


Output by the SimonT Hockey Simulator (STHS) for Stephane Roy -- Original Page W3C XHTML 1.0 Valid
Hockey Simulator - Hockey Simulation - Hockey Manager